 Dungeon Crawl Stone Soup version 0.28.0-53-g5a82cb258f (webtiles) character file.

Game seed: 9612103796440486800

735 ASIMItheHERO the Cudgeller (level 7, 0/55 HPs)
             Began as a Demonspawn Abyssal Knight on July 1, 2022.
             Was a Priest of Lugonu.
             Succumbed to an orc priest's poison
             ... on level 4 of the Dungeon.
             The game lasted 00:15:51 (5059 turns).

ASIMItheHERO the Cudgeller (DsAK)                   Turns: 5059, Time: 00:15:51

Health: 0/55       AC: 11    Str: 15    XL:     7   Next: 45%
Magic:  9/9        EV:  7    Int: 11    God:    Lugonu [***...]
Gold:   198        SH:  0    Dex: 14    Spells: 8/8 levels left

rFire   . . .      SeeInvis .   a - +1 mace
rCold   + . .      Faith    .   (no shield)
rNeg    . . .      Spirit   .   x - +2 chain mail {rC+}
rPois   .          Reflect  .   (no helmet)
rElec   .          Harm     .   (no cloak)
rCorr   .          Rampage  .   (no gloves)
Will    .....                   (boots unavailable)
Stlth   ..........              z - amulet of magic regeneration
HPRegen 0.18/turn               (no ring)
MPRegen 0.51/turn               (no ring)

@: lethally poisoned (0 -> -8)
A: hooves 3, ignite blood 1
a: Renounce Religion, Depart the Abyss, Bend Space, Banish


You were on level 4 of the Dungeon.
You worshipped Lugonu.
Lugonu was most pleased with you.
You visited 1 branch of the dungeon, and saw 4 of its levels.
You visited the Abyss 1 time.
You also visited: Sewer.

You collected 198 gold pieces.

Inventory:

Hand Weapons
 a - a +1 mace (weapon)
Missiles
 f - 30 sling bullets
 l - 113 stones
 n - 42 bolts
Armour
 b - a +0 leather armour
 k - a +0 chain mail
 x - a +2 chain mail of cold resistance (worn)
Jewellery
 z - an amulet of magic regeneration (around neck)
 B - a ring of resist corrosion
Wands
 o - a wand of flame (27)
 u - a wand of iceblast (5)
 A - a wand of mindburst (23)
 E - a wand of charming (11)
Scrolls
 c - 3 scrolls of teleportation {unknown}
 e - a scroll of amnesia {unknown}
 h - a scroll of fear {unknown}
 i - a scroll of noise {unknown}
 j - 4 scrolls of identify {unknown}
 r - 2 scrolls of fog {unknown}
 s - a scroll of enchant weapon {unknown}
 C - a scroll of silence {unknown}
 D - a scroll of vulnerability {unknown}
Potions
 d - 2 potions of mutation {unknown}
 g - a potion of invisibility {unknown}
 m - a potion of heal wounds {unknown}
 p - 3 potions of degeneration {unknown}
 q - 2 potions of magic {unknown}
 t - 3 potions of attraction {unknown}
 v - a potion of experience {unknown}
 w - a potion of flight {unknown}
 F - a potion of haste {unknown}
 G - a potion of lignification {unknown}


   Skills:
 + Level 4.6 Fighting
 + Level 5.2 Maces & Flails
 + Level 1.0 Throwing
 + Level 4.1 Armour
 + Level 1.4 Dodging
 + Level 0.3 Stealth
 * Level 1.1 Spellcasting
 + Level 2.7 Invocations


You had 8 spell levels left.
You didn't know any spells.
Your spell library contained the following spells:

 Spells                   Type           Power      Damage    Failure   Level
 Sublimation of Blood     Necr           0%         N/A       100%        2
 Wereblood                Tmut           0%         N/A       100%        2
 Summon Guardian Golem    Hex/Summ       0%         N/A       100%        3
 Orb of Destruction       Conj           0%         9d5       100%        7
 Spellforged Servitor     Conj/Summ      0%         N/A       100%        7
 Summon Hydra             Summ           0%         N/A       100%        7


Dungeon Overview and Level Annotations

Branches:
Dungeon (4/15)              Sewer (visited)
 Temple: D:4-7

Altars:

Shops:
D:4 ([


Innate Abilities, Weirdness & Mutations

You have hooves in place of feet.
Your demonic aura sometimes causes spilled blood to erupt in flames.


Message History

Lugonu accepts your kill.
Throw: 115 stones
Press: ? - help, Shift-Dir - straight line, f - orc
Aim: an orc, wielding a +0 trident (60% to hit)
You throw a stone.
The stone hits the orc but does no damage.
The orc hits you from afar with a +0 trident.
Throw: 114 stones
Press: ? - help, Shift-Dir - straight line, f/p - orc
Aim: an orc, wielding a +0 trident (60% to hit)
You throw a stone. The stone closely misses the orc.
The orc hits you but does no damage.
You sock the orc!
You kill the orc!
Lugonu accepts your kill. The orc closely misses you.
The orc priest hits you from afar with a +2 trident of venom.
The orc barely misses you.
The orc priest hits you with a +2 trident of venom.
You are poisoned.
The orc closely misses you.
Items here: ))) [ ††.
You barely miss the orc priest. Your kick misses the orc priest.
You feel very sick.
The orc priest hits you but does no damage.
You are more poisoned.
The orc barely misses you.
You sock the orc priest! Your kick misses the orc priest.
The orc priest is heavily wounded.
You feel very sick.
The orc priest mumbles some strange prayers to Beogh against you.
Beogh smites you!
* * * LOW HITPOINT WARNING * * *
The orc completely misses you. Space bends around you!
You blink.
* * * LOW HITPOINT WARNING * * *
You feel very sick.
* * * LOW HITPOINT WARNING * * *
You feel sick.
You die...

#+##..........##o###.#o.((#
##+##.......#o#########...
#.......#...# .. #.......#...##
. ######+#.......#....#
#.##......######.####
#..+......# #...# #..#......#
#...# #..#......######@####
##### #..#.∩....#..###.##.##
.....# ....'.....#..........#
.....# ..).#.....#..........#
.....
.##)#.....###.##.##.######.....
.#.....#+#######.##.#......#
.#.....#..............#....#
.#.....#..............#....+
.#.....#..............#....#


You could see an orc priest.

Vanquished Creatures
  3 kobold brigands (Sewer)
  A bullfrog zombie (D:3)
  3 orc priests (D:4)
  2 hounds (D:4)
  Ijyb (D:3)
  Terence (D:3)
  Natasha (thrice) (D:2)
  A hound skeleton (D:4)
  A howler monkey skeleton (D:4)
  7 adders
  A river rat (Sewer)
  5 worms
  16 orcs
  2 bats
  6 endoplasms
  A giant cockroach (D:2)
  5 goblins
  9 hobgoblins
  5 jackals
  7 kobolds
  A quokka (D:1)
  17 ball pythons
  2 frilled lizards (D:2)
  13 rats
113 creatures vanquished.

Vanquished Creatures (others)
  32 plants (D:3)
32 creatures vanquished.

Grand Total: 145 creatures vanquished

Notes
Turn   | Place    | Note
-------+----------+-------------------------------------------
     0 | Abyss:1  | ASIMItheHERO the Demonspawn Abyssal Knight began the quest
                  | for the Orb.
     0 | Abyss:1  | Reached XP level 1. HP: 18/18 MP: 2/2
    30 | Abyss:1  | Found a basalt altar of Yredelemnul.
    37 | D:1      | Escaped the Abyss
    63 | D:1      | Reached skill level 2 in Maces & Flails
   285 | D:1      | Discovered your monstrous ancestry.
   285 | D:1      | Gained mutation: You have large cloven feet. [demonic
                  | ancestry]
   285 | D:1      | Reached XP level 2. HP: 19/24 MP: 3/3
   599 | D:1      | Found a faded altar of an unknown god.
   891 | D:2      | Gained mutation: Your demonic aura sometimes causes spilled
                  | blood to erupt in flames. [demonic ancestry]
   891 | D:2      | Reached XP level 3. HP: 24/29 MP: 5/5
  1199 | D:2      | Reached ** piety under Lugonu
  1305 | D:2      | Noticed Natasha
  1307 | D:2      | Killed Natasha
  1308 | D:2      | Reached skill level 1 in Dodging
  1308 | D:2      | Reached XP level 4. HP: 31/37 MP: 6/6
  1735 | D:2      | Noticed Natasha
  1749 | D:2      | Killed Natasha
  1888 | D:2      | Noticed Natasha
  1896 | D:2      | Killed Natasha
  1897 | D:2      | Reached skill level 3 in Maces & Flails
  2265 | D:3      | Found a glowing drain.
  2276 | D:3      | Gained mutation: You have hoof-like feet. [demonic
                  | ancestry]
  2276 | D:3      | Reached XP level 5. HP: 42/42 MP: 7/7
  2294 | Sewer    | Entered a sewer
  2655 | Sewer    | Reached skill level 4 in Maces & Flails
  2759 | Sewer    | Reached XP level 6. HP: 46/48 MP: 8/8
  3787 | D:3      | Noticed Terence
  3800 | D:3      | Killed Terence
  3972 | D:3      | Noticed Ijyb
  3986 | D:3      | Killed Ijyb
  3987 | D:3      | Gained mutation: You have hooves in place of feet. [demonic
                  | ancestry]
  3987 | D:3      | Reached XP level 7. HP: 39/55 MP: 9/9
  4352 | D:4      | Reached *** piety under Lugonu
  4407 | D:4      | Reached skill level 5 in Maces & Flails
  4441 | D:4      | Found Nuxuamea's Armour Emporium.
  4483 | D:4      | Found Joptupi's Weapon Shoppe.
  5038 | D:4      | Reached skill level 1 in Throwing
  5038 | D:4      | Reached skill level 1 in Spellcasting
  5058 | D:4      | HP: 2/55 [poisoned by an orc priest]
  5059 | D:4      | Succumbed to an orc priest's poison

Illustrated notes

Levels and vault maps discovered:
D:1:      amcnicky_arrival_underground_garden, layout_rooms,
          chequers_ecumenical_altar_simple_redux
D:2:      minmay_door_path, layout_basic, uniq_natasha
D:3:      layout_loops_corners, portal_sewer_entry_a, small_statue_intersection,
          serial_bayou_lagoon_a, uniq_ijyb, uniq_terence
D:4:      layout_gridville, serial_shops, shop, nicolae_shop_statue_plus,
          hex_tiny

Skill      XL: |  1  2  3  4  5  6  7 |
---------------+----------------------+-----
Maces & Flails | 2 3 4 5 |  5.2
Armour         | 2 3 4 |  4.1
Dodging        | 1 |  1.4
Fighting       | 4 |  4.6
Throwing       | 1 |  1.0
Spellcasting   | 1 |  1.1
Stealth        | |  0.3
Invocations    | |  2.7

Action                   |  1- 3 |  4- 6 |  7- 9 || total
-------------------------+-------+-------+-------++-------
Melee: Mace              |    62 |   216 |    57 ||   335
       Kick              |     9 |    56 |    16 ||    81
       Punch             |       |     3 |     1 ||     4
Throw: Stone             |       |    19 |     5 ||    24
       Dart              |       |     3 |     3 ||     6
Invok: Bend Space        |       |       |     1 ||     1
Armor: Leather armour    |    12 |       |       ||    12
       Chain mail        |     7 |   103 |    30 ||   140
Dodge: Dodged            |    29 |    85 |    26 ||   140
